 Dungeon Crawl Stone Soup version 0.23.2-33-g5129a83184 (webtiles) character file.

Game seed: 741383075500710606

65 Derp the Conjurer (level 3, 0/19 HPs)
             Began as a Deep Elf Conjurer on July 21, 2019.
             Slain by a jackal (3 damage)
             ... on level 2 of the Dungeon.
             The game lasted 00:03:25 (1237 turns).

Derp the Conjurer (Deep Elf Conjurer)               Turns: 1237, Time: 00:03:25

Health: 0/19       AC:  2    Str:  5    XL:     3   Next: 92%
Magic:  1/9        EV: 13    Int: 20    God:
Gold:   68         SH:  0    Dex: 15    Spells: 7/8 levels left

rFire    . . .     SeeInvis .   (no weapon)
rCold    . . .     Gourm    .   (no shield)
rNeg     . . .     Faith    .   a - +0 robe
rPois    .         Spirit   .   (no helmet)
rElec    .         Reflect  .   (no cloak)
rCorr    .         Harm     .   (no gloves)
MR       .....                  (no boots)
Stlth    ++........             (no amulet)
HPRegen  0.06/turn              (no ring)
MPRegen  0.11/turn              (no ring)

@: no status effects
A: no striking features
a: no special abilities


You were on level 2 of the Dungeon.
You were hungry.

You visited 1 branch of the dungeon, and saw 3 of its levels.

You collected 68 gold pieces.

Inventory:

Armour
 a - a +0 robe (worn)
Scrolls
 b - 4 scrolls of identify {unknown}
 e - 2 scrolls of enchant armour {unknown}
 f - 2 scrolls of teleportation {unknown}
 g - 3 scrolls of remove curse {unknown}
 h - a scroll of immolation {unknown}
Potions
 d - 2 potions of brilliance {unknown}
 i - a potion of agility {unknown}
 j - a potion of might {unknown}
 k - 2 potions of flight {unknown}
Comestibles
 c - 7 rations


   Skills:
 + Level 2.7 Dodging
 + Level 2.5 Stealth
 + Level 3.4 Spellcasting
 + Level 5.7 Conjurations


You had 7 spell levels left.
You knew the following spells:

 Your Spells              Type           Power        Failure   Level  Hunger
a - Magic Dart            Conj           ####         1%          1    None

Your spell library contained the following spells:

 Spells                   Type           Power        Failure   Level  Hunger
 Searing Ray              Conj           ####..       1%          2    ##.....
 Dazzling Spray           Conj/Hex       ##....       13%         3    ###....
 Iskenderun's Mystic Bla  Conj           ####....     13%         4    ####...
 Beastly Appendage        Tmut           #.....       14%         1    None
 Sticks to Snakes         Tmut           #.......     21%         2    ##.....
 Spider Form              Tmut/Pois      #.........   38%         3    ###....
 Force Lance              Conj/Tloc      ##......     38%         4    ####...
 Fulminant Prism          Conj/Hex       ##........   38%         4    ####...
 Ice Form                 Ice/Tmut       #.......     80%         4    ####...
 Blade Hands              Tmut           #.........   98%         5    ######.


Dungeon Overview and Level Annotations

Branches:
Dungeon (3/15)

Altars:


Message History

The jackal bites you. The jackal barely misses you. x2
The jackal closely misses you.
You climb downwards.
There is a stone staircase leading up here.
The jackal closely misses you.
The jackal bites you but does no damage.
You climb upwards.
There is a stone staircase leading down, spattered with blood here.
The jackal barely misses you.
The jackal bites you but does no damage.
The jackal misses you. The jackal bites you.
* * * LOW HITPOINT WARNING * * *
The jackal bites you.
* * * LOW HITPOINT WARNING * * *
The jackal closely misses you.
The jackal bites you but does no damage.
The jackal barely misses you. The jackal closely misses you.
The jackal bites you.
You die...

#.......#
##.................
#.......#
#..................
#.......#
#.........(........
#####.......#
#..........).......
#...........#
#..................
..###.......#
#..................
.## #.......#
##.................
## #.#######
#.hh...............
###.#
#.@.^..............
#...#
#..................
##...#
#..................
##....#
#..................
......#
##..................
.#.##.#
#.........##.(####..
...##.#
#..######.###.# ##..
..##..# ##..# ##.#
#.###... .##..##
##...# #..# #.....##


You could see 2 jackals.

Vanquished Creatures
  2 adders (D:2)
  An ooze (D:1)
  A leopard gecko (D:3)
  A giant cockroach (D:1)
  3 goblins
  4 hobgoblins
  4 jackals
  3 kobolds (D:1)
  4 bats
  2 frilled lizards
  20 rats
45 creatures vanquished.

Notes
Turn   | Place    | Note
-------+----------+-------------------------------------------
     0 | D:1      | Derp the Deep Elf Conjurer began the quest for the Orb.
     0 | D:1      | Reached XP level 1. HP: 10/10 MP: 6/6
    59 | D:1      | Reached XP level 2. HP: 15/15 MP: 2/8
   211 | D:1      | Reached skill level 5 in Conjurations
   783 | D:2      | Reached XP level 3. HP: 19/19 MP: 5/9
  1237 | D:2      | Slain by a jackal

Skill      XL: |  1  2 |
---------------+-------+-----
Conjurations   | 5 |  5.7
Dodging        | |  2.7
Stealth        | |  2.5
Spellcasting   | |  3.4

Action                   || total
-------------------------++-------
 Cast: Magic Dart        ||    88
Armor: Robe              ||    12
Dodge: Dodged            ||    38
